 Dungeon Crawl Stone Soup version 0.29.1-12-g30fa7ad0bf (webtiles) character file.

Game seed: 17997562232711934659

5 hawla the Chiller (level 2, -1/20 HPs)
             Began as a Meteoran Ice Elementalist on Jan 9, 2023.
             Slain by a phantom (4 damage)
             ... on level 2 of the Dungeon.
             The game lasted 00:00:57 (195 turns).

hawla the Chiller (Meteoran Ice Elementalist)        Turns: 195, Time: 00:00:58

Health: -1/20      AC:  2    Str:  9    XL:     2   Next: 5%
Magic:  6/6        EV: 12    Int: 16    God:
Gold:   6          SH:  0    Dex: 14    Spells: 5/6 levels left

rFire   . . .      SeeInvis .   c - +1 mace (protect)
rCold   . . .      Faith    .   (no shield)
rNeg    . . .      Spirit   .   a - +0 robe
rPois   .          Reflect  .   (no helmet)
rElec   .          Harm     .   (no cloak)
rCorr   .          Rampage  .   (no gloves)
Will    .....                   (no boots)
Stlth   +.........              (no amulet)
HPRegen 0.06/turn               (no ring)
MPRegen 0.10/turn               (no ring)

@: glowing
A: sense surroundings 1, otherworldly, glowing, explore regen
a: no special abilities


You were on level 2 of the Dungeon.
You visited 1 branch of the dungeon, and saw 2 of its levels.

You collected 6 gold pieces.

Inventory:

Hand Weapons
 c - a +1 mace of protection (weapon)
Armour
 a - a +0 robe (worn)
Potions
 b - a potion of magic
 d - a potion of might {unknown}


   Skills:
 + Level 2.4 Dodging
 - Level 1.4 Stealth
 + Level 2.9 Spellcasting
 + Level 4.6 Ice Magic


You had 5 spell levels left.
You knew the following spells:

 Your Spells              Type           Power      Damage    Failure   Level
a - Freeze                Ice            68%        1d8       2%          1

Your spell library contained the following spells:

 Spells                   Type           Power      Damage    Failure   Level
 Frozen Ramparts          Ice            34%        1d6       9%          3
 Ozocubu's Armour         Ice            17%        N/A       9%          3
 Hailstorm                Conj/Ice       9%         3d4       58%         4


Dungeon Overview and Level Annotations

Branches:
Dungeon (2/15) Zot: 999

Altars:
Yredelemnul


Innate Abilities, Weirdness & Mutations

You passively map a small area around you.
You are easily found by Zot.
You glow in the dark.
You regain HP and MP as you explore.


Message History

You see here a hobgoblin corpse.
Found a basalt altar of Yredelemnul.
There is a basalt altar of Yredelemnul here.
A phantom comes into view.
Press: ? - help, v - describe, . - travel
Here: a phantom The floor.
The phantom hits you.
The phantom blinks!
You blink.
You sock the phantom!
Your weapon exudes an aura of protection.
The phantom is moderately damaged.
The phantom closely misses you.
You hit the phantom.
The phantom is moderately damaged.
The phantom hits you but does no damage.
You sock the phantom!
The phantom is severely damaged.
The phantom hits you. The phantom barely misses you.
You hit the phantom.
The phantom is almost destroyed.
The phantom hits you.
You hit the phantom but do no damage.
The phantom is almost destroyed.
The phantom hits you.
The phantom blinks!
You blink.
The phantom hits you but does no damage.
You closely miss the phantom.
The phantom is almost destroyed.
The phantom hits you but does no damage.
You closely miss the phantom.
The phantom is almost destroyed.
The phantom hits you but does no damage.
You barely miss the phantom.
The phantom is almost destroyed.
The phantom misses you. The phantom hits you!
* * * LOW HITPOINT WARNING * * *
The phantom blinks!
You blink.
You closely miss the phantom.
The phantom is almost destroyed.
The phantom hits you.
You die...

, * ,, * ,
,, , .# #.#
#.# ** #.#
,* * ,
######.#
#W@....# *
* ,
#..§...#.#
* *
#..§...#.#
######.#.#,
###.#.#
#.....# *
,* ##.....#
,* #..._..#
* *
#......#, ,


You could see a phantom.

Vanquished Creatures
  A ball python (D:1)
  2 hobgoblins
  2 bats (D:1)
5 creatures vanquished.

Notes
Turn   | Place    | Note
-------+----------+-------------------------------------------
     0 | D:1      | hawla the Meteoran Ice Elementalist began the quest for the
                  | Orb.
     0 | D:1      | Reached XP level 1. HP: 14/14 MP: 5/5
   151 | D:2      | Reached XP level 2. HP: 15/20 MP: 3/6
   171 | D:2      | Found a basalt altar of Yredelemnul.
   183 | D:2      | Noticed a phantom
   195 | D:2      | Slain by a phantom

Illustrated notes

Levels and vault maps discovered:
D:1:      giann_wishing_wells, layout_basic,
          shapermc_ecumenical_altar_mp_highgroup, solitary_fountain
D:2:      minmay_spotlight, layout_basic, basic_altar, kennysheep_generic_room_3

Action                   || total
-------------------------++-------
Melee: Mace              ||    13
 Cast: Freeze            ||     6
Armor: Robe              ||     8
Dodge: Dodged            ||    10
